 Dungeon Crawl Stone Soup version 0.19.3-4-gbf9329e (webtiles) character file.

448 pib the Insei (level 6, 0/53 HPs)
             Began as a Draconian Transmuter on Jan 29, 2017.
             Slain by a gnoll
             ... wielding a +0 flail
              (2 damage)
             ... on level 5 of the Dungeon.
             The game lasted 00:16:26 (3677 turns).

pib the Insei (Draconian Transmuter)                Turns: 3677, Time: 00:16:27

Health: 0/53       AC: 12    Str: 12    XL:     6   Next: 73%
Magic:  10/10      EV: 12    Int: 14    God:
Gold:   171        SH:  0    Dex: 13    Spells: 2 memorised, 7 levels left

rFire  . . .     SeeInvis .       - Unarmed
rCold  . . .     Gourm    .     (armour unavailable)
rNeg   . . .     Faith    .     (no shield)
rPois  .         Spirit   .     (helmet restricted)
rElec  .         Reflect  .     B - +0 cloak
rCorr  .         Harm     .     (no gloves)
MR     .....                    i - +0 pair of boots
Stlth  +.........               x - amulet of rage
                                (no ring)
                                h - +4 ring of protection

@: glowing, invisible (but backlit and visible)
A: unfitting armour, cold-blooded, AC +6
a: Evoke Berserk Rage


You were on level 5 of the Dungeon.
You were hungry.

You visited 1 branch of the dungeon, and saw 5 of its levels.
You also visited: Sewer.

You collected 171 gold pieces.

Inventory:

Hand Weapons
 d - a +1 hunting sling
 e - a +0 hunting sling
Missiles
 a - 60 arrows
 l - 6 tomahawks (quivered)
Armour
 i - a +0 pair of boots (worn)
 p - a +0 shield
 B - a +0 cloak (worn)
Magical Staves
 w - an uncursed staff of poison {unknown}
Jewellery
 h - a +4 ring of protection (left hand)
 k - an uncursed amulet of faith
 x - an amulet of rage (around neck)
Scrolls
 v - 2 scrolls of remove curse
 y - a scroll of enchant weapon
Potions
 n - a potion of agility
 o - a potion of invisibility
 q - a potion of haste {unknown}
 r - a potion of curing {unknown}
 t - 2 potions of degeneration {unknown}
 u - a potion of brilliance {unknown}
 z - 2 potions of flight {unknown}
 A - 2 potions of lignification {unknown}
Books
 b - a book of Changes

   Spells                             Type                      Level
   a - Beastly Appendage              Transmutation                1
   b - Sticks to Snakes               Transmutation                2
   c - Spider Form                    Transmutation/Poison         3
   d - Ice Form                       Ice/Transmutation            4
   e - Blade Hands                    Transmutation                5
 j - a book of Misfortune

   Spells                             Type                      Level
   a - Confusing Touch                Hexes                        1
   b - Confuse                        Hexes                        3
   c - Gell's Gravitas                Hexes/Translocation          3
   d - Petrify                        Transmutation/Earth          4
   e - Metabolic Englaciation         Hexes/Ice                    5
   f - Yara's Violent Unravelling     Hexes/Transmutation          5
Comestibles
 c - 3 bread rations
 m - a slice of pizza
 s - 7 fruits
 C - 14 chunks of flesh


   Skills:
 - Level 4.5 Fighting
 - Level 1.7 Dodging
 - Level 5.3 Unarmed Combat
 + Level 2.8 Spellcasting
 * Level 3.4 Transmutations


You had 7 spell levels left.
You knew the following spells:

 Your Spells              Type           Power        Failure   Level  Hunger
a - Beastly Appendage     Tmut           ##....       6%          1    #......
b - Sticks to Snakes      Tmut           ##......     10%         2    ###....


Dungeon Overview and Level Annotations

Branches:
Dungeon (5/15)             Temple (0/1) D:4

Altars:


Innate Abilities, Weirdness & Mutations

Your plain brown scales are hard. (AC +6)
You cannot fit into any form of body armour.
You are cold-blooded and may be slowed by cold attacks.


Message History

You hit the gnoll.
The gnoll is severely wounded.
The gnoll closely misses you.
You hit the gnoll but do no damage.
Your tail-slap misses the gnoll.
The gnoll is severely wounded.
The gnoll hits you but does no damage.
You completely miss the gnoll.
The gnoll is severely wounded.
The gnoll hits you with a flail!
* * * LOW HITPOINT WARNING * * *
You hit the gnoll but do no damage.
The gnoll is severely wounded.
The gnoll hits you with a flail.
* * * LOW HITPOINT WARNING * * *
The gnoll hits you with a flail.
* * * LOW HITPOINT WARNING * * *
It was a potion of invisibility.
You become transparent, but the glow from your corona prevents you from becoming completely invisible.
The gnoll hits you with a flail.
You die...

#........(#
#.........
#........#
#........#
#......>#
#.....# ####..#
#g.# ######@##
#....).####
##.........##
#......<....##
#.....(÷.....#
#..#≈≈.......##
#..#≈≈≈.......#
#..#)≈≈≈......#
#..#≈≈≈≈......#


You could see a gnoll.

Vanquished Creatures
  A bullfrog (Sewer)
  An orc wizard (D:3)
  A gnoll shaman (D:5)
  A worker ant (D:5)
  8 adders
  3 gnolls (D:5)
  13 oozes (Sewer)
  2 worms
  2 dart slugs
  4 leopard geckos (Sewer)
  4 orcs (D:3)
  25 giant cockroaches
  7 goblins
  6 hobgoblins
  4 jackals (D:2)
  3 quokkas
  11 ball pythons
  4 bats
  15 frilled lizards
  6 kobolds
  8 rats
129 creatures vanquished.

Vanquished Creatures (collateral kills)
  2 gnolls
2 creatures vanquished.

Grand Total: 131 creatures vanquished

Notes
Turn   | Place    | Note
-------+----------+-------------------------------------------
     0 | D:1      | pib the Draconian Transmuter began the quest for the Orb.
     0 | D:1      | Reached XP level 1. HP: 16/16 MP: 3/3
   320 | D:1      | Reached XP level 2. HP: 23/23 MP: 3/5
  1137 | D:1      | You fall through a shaft!
  1158 | D:2      | Learned a level 2 spell: Sticks to Snakes
  1303 | D:2      | Reached XP level 3. HP: 29/29 MP: 4/6
  1602 | D:2      | Reached skill level 4 in Unarmed Combat
  1912 | D:2      | Reached XP level 4. HP: 29/37 MP: 7/7
  2349 | D:3      | Noticed a phantom
  2671 | D:4      | Reached XP level 5. HP: 45/45 MP: 6/8
  2744 | D:4      | Noticed a centaur
  2801 | D:5      | Entered Level 5 of the Dungeon
  2801 | D:5      | Found a glowing drain.
  2908 | Sewer    | Entered a sewer
  3036 | Sewer    | Reached skill level 5 in Unarmed Combat
  3408 | Sewer    | Reached XP level 6. HP: 52/53 MP: 9/9
  3676 | D:5      | HP: 2/53 [gnoll/flail (6)]
  3677 | D:5      | Slain by a gnoll

Skill      XL: |  1  2  3  4  5  6 |
---------------+-------------------+-----
Fighting       | 2 3 4 |  4.5
Unarmed Combat | 4 5 |  5.3
Transmutations | 3 |  3.4
Dodging        | |  1.7
Spellcasting   | |  2.8

Action                   |  1- 3 |  4- 6 || total
-------------------------+-------+-------++-------
Melee: Unarmed           |   126 |   360 ||   486
       Headbutt          |    14 |    15 ||    29
       Tailslap          |     4 |    32 ||    36
       Punch             |       |     3 ||     3
 Cast: Beastly Appendage |    13 |    14 ||    27
       Sticks to Snakes  |       |    14 ||    14
  Use: Scroll            |       |     5 ||     5
       Potion            |       |     3 ||     3
 Stab: Sleeping          |       |     1 ||     1
  Eat: Chunk             |     3 |     8 ||    11
Armor: Skin              |    33 |   176 ||   209
Dodge: Dodged            |    73 |   245 ||   318
